 Dungeon Crawl Stone Soup version 0.23.2-33-g5129a83184 (webtiles) character file.

Game seed: 6648931545960808482

165 Joat the Shield-Bearer (level 5, 28/42 HPs)
             Began as a Demonspawn Fighter on July 3, 2019.
             Quit the game on level 2 of the Dungeon.
             The game lasted 00:03:39 (1360 turns).

Joat the Shield-Bearer (Demonspawn Fighter)         Turns: 1360, Time: 00:03:40

Health: 28/42      AC: 11    Str: 16    XL:     5   Next: 22%
Magic:  5/5        EV:  9    Int: 10    God:
Gold:   88         SH: 10    Dex: 18    Spells: 4/4 levels left

rFire    . . .     SeeInvis .   n - +0 spear (flame)
rCold    . . .     Gourm    .   c - +0 shield
rNeg     . . .     Faith    .   q - +0 chain mail
rPois    .         Spirit   .   (helmet restricted)
rElec    .         Reflect  .   (no cloak)
rCorr    .         Harm     .   (no gloves)
MR       .....                  k - +0 pair of boots
Stlth    ..........             (no amulet)
HPRegen  0.14/turn              (no ring)
MPRegen  0.09/turn              (no ring)

@: agile, very slightly contaminated, starving
A: horns 1, rugged brown scales 1, demonic guardian 1, powered by pain 1
a: no special abilities


You were on level 2 of the Dungeon.
You were starving.

You visited 1 branch of the dungeon, and saw 2 of its levels.

You collected 88 gold pieces.

Inventory:

Hand Weapons
 a - a +0 war axe
 n - a +0 spear of flaming (weapon)
Armour
 c - a +0 shield (worn)
 k - a +0 pair of boots (worn)
 q - a +0 chain mail (worn)
Scrolls
 e - a scroll of enchant weapon {unknown}
 i - a scroll of remove curse {unknown}
 j - a scroll of amnesia {unknown}
 o - a scroll of immolation {unknown}
 p - a scroll of random uselessness {unknown}
 r - 2 scrolls of identify {unknown}
 s - a scroll of teleportation {unknown}
Potions
 b - a potion of lignification {unknown}
 d - a potion of might
 g - a potion of curing
Comestibles
 f - 2 rations


   Skills:
 - Level 3.0 Fighting
 - Level 1.7(2.4) Axes
 + Level 2.4(2.7) Polearms
 - Level 2.6 Armour
 + Level 4.7 Shields


You had 4 spell levels left.
You didn't know any spells.
Your spell library was empty.

Dungeon Overview and Level Annotations

Branches:
Dungeon (2/15)

Altars:


Innate Abilities, Weirdness & Mutations

You have a pair of small horns on your head.
You are partially covered in rugged brown scales. (AC +1, +3% HP)
A weak demonic guardian rushes to your aid.
You sometimes gain a little power by taking damage.


Message History

The hungry ghost is almost destroyed.
You flicker back into view.
The hungry ghost barely misses you.
You hit the hungry ghost. You burn the hungry ghost.
The hungry ghost is almost destroyed.
You block the hungry ghost's attack.
You miss the hungry ghost.
The hungry ghost is almost destroyed.
You block the hungry ghost's attack.
You hit the hungry ghost. You burn the hungry ghost.
You destroy the hungry ghost!
Your Polearms skill gained 2 levels and is now at level 2!
Your Shields skill increases to level 4!
You have reached level 4!
You feel agile.
Your demonic ancestry asserts itself...
You feel the presence of a demonic guardian.
You have reached level 5!
Your demonic ancestry asserts itself...
A pair of horns grows on your head!
Are you sure you want to abandon this character and quit the game? (Confirm with "yes".)

#.# #+# #.# #.# #.#
#.# #.# ##.## #.#
######...## #.#
#.........##### #.#
#.####........#
#.####.#####....##.#
#..@.......#..#.....
######.###......##.#
#.......####
#######.# #.#####.#
#.......# #.#######
#.# #.#######


There were no monsters in sight!

Vanquished Creatures
  A hungry ghost (D:2)
  An ooze (D:1)
  A worm (D:2)
  A leopard gecko (D:1)
  3 bats
  2 giant cockroaches
  A goblin (D:1)
  2 hobgoblins
  A quokka (D:2)
  5 kobolds (D:1)
  3 rats
21 creatures vanquished.

Notes
Turn   | Place    | Note
-------+----------+-------------------------------------------
     0 | D:1      | Joat the Demonspawn Fighter began the quest for the Orb.
     0 | D:1      | Reached XP level 1. HP: 18/18 MP: 1/1
   150 | D:1      | Reached skill level 3 in Shields
   238 | D:1      | Gained mutation: You sometimes gain a little power by
                  | taking damage. [demonic ancestry]
   238 | D:1      | Reached XP level 2. HP: 23/24 MP: 2/2
  1188 | D:2      | Gained mutation: You are partially covered in rugged brown
                  | scales. (AC +1, +3% HP) [demonic ancestry]
  1188 | D:2      | Reached XP level 3. HP: 18/29 MP: 3/3
  1312 | D:2      | Noticed a hungry ghost
  1359 | D:2      | Killed a hungry ghost
  1359 | D:2      | Reached skill level 4 in Shields
  1359 | D:2      | Gained mutation: A weak demonic guardian rushes to your
                  | aid. [demonic ancestry]
  1359 | D:2      | Reached XP level 4. HP: 23/36 MP: 4/4
  1359 | D:2      | Gained mutation: You have a pair of small horns on your
                  | head. [demonic ancestry]
  1359 | D:2      | Reached XP level 5. HP: 27/42 MP: 5/5
  1360 | D:2      | Quit the game

Skill      XL: |  1  2  3 |
---------------+----------+-----
Shields        | 3 4 |  4.7
Polearms       | 2 |  2.4
Fighting       | |  3.0
Axes           | |  1.7
Armour         | |  2.6

Action                   |  1- 3 |  4- 6 || total
-------------------------+-------+-------++-------
Melee: War axe           |    27 |       ||    27
       Spear             |    77 |       ||    77
  Use: Potion            |     3 |       ||     3
  Eat: Chunk             |     1 |       ||     1
       Ration            |     1 |       ||     1
Armor: Scale mail        |    15 |       ||    15
       Chain mail        |    21 |       ||    21
Dodge: Dodged            |    22 |       ||    22
Block: Shield            |    44 |       ||    44
